 Dungeon Crawl Stone Soup version 0.26.1-11-gd32895ea62 (webtiles) character file.

Game seed: 10601982291461313266

98 Zeld the Conjurer (level 4, -3/35 HPs)
             Began as a Draconian Conjurer on Sept 1, 2021.
             Slain by Sigmund
             ... wielding a +0 scythe
              (11 damage)
             ... on level 2 of the Dungeon.
             The game lasted 00:03:59 (2185 turns).

Zeld the Conjurer (Draconian Conjurer)              Turns: 2185, Time: 00:04:00

Health: -3/35      AC:  5    Str: 10    XL:     4   Next: 44%
Magic:  8/8        EV: 12    Int: 19    God:
Gold:   94         SH:  0    Dex:  9    Spells: 5/8 levels left

rFire    . . .     SeeInvis .   a - +1 dagger (venom)
rCold    . . .     Faith    .   (no shield)
rNeg     . . .     Spirit   .   (armour unavailable)
rPois    .         Reflect  .   (helmet restricted)
rElec    .         Harm     .   (no cloak)
rCorr    .         Rampage  .   (no gloves)
Will     .....                  (no boots)
Stlth    +.........             (no amulet)
HPRegen  0.11/turn              (no ring)
MPRegen  0.11/turn              (no ring)

@: confused
A: unfitting armour, cold-blooded, AC +5
a: no special abilities


You were on level 2 of the Dungeon.
You visited 1 branch of the dungeon, and saw 2 of its levels.

You collected 94 gold pieces.

Inventory:

Hand Weapons
 a - a +1 dagger of venom (weapon)
Jewellery
 e - an uncursed ring of resist corrosion {unknown}
 k - an uncursed ring of poison resistance {unknown}
Scrolls
 b - 3 scrolls of immolation {unknown}
 d - 4 scrolls of teleportation {unknown}
 f - 2 scrolls of remove curse {unknown}
 i - 2 scrolls of fog {unknown}
 j - 2 scrolls of identify {unknown}
 l - a scroll of enchant armour {unknown}
Potions
 c - a potion of degeneration {unknown}
 g - a potion of flight {unknown}
 h - a potion of attraction {unknown}
 m - a potion of mutation {unknown}
 n - a potion of ambrosia {unknown}


   Skills:
 + Level 1.4 Fighting
 + Level 2.2 Dodging
 + Level 2.2 Stealth
 * Level 2.8 Spellcasting
 * Level 4.7 Conjurations


You had 5 spell levels left.
You knew the following spells:

 Your Spells              Type           Power        Failure   Level
a - Magic Dart            Conj           80%          2%          1
b - Searing Ray           Conj           40%          3%          2

Your spell library contained the following spells:

 Spells                   Type           Power        Failure   Level
 Dazzling Flash           Conj/Hex       22%          17%         3
 Fulminant Prism          Conj/Hex       5%           50%         4
 Iskenderun's Mystic Bla  Conj/Tloc      11%          50%         4


Dungeon Overview and Level Annotations

Branches:
Dungeon (2/15)

Altars:

Annotations:
D:2 Sigmund


Innate Abilities, Weirdness & Mutations

Your plain brown scales are hard. (AC +5)
You cannot fit into any form of body armour.
You are cold-blooded and may be slowed by cold attacks.


Message History

Something tries to affect you, but you resist.
A magic dart appears from out of thin air!
The magic dart hits you. Something hits you. Something hits you!
* * * LOW HITPOINT WARNING * * *
Something barely misses you.
You hear a zap.
Some rock shatters into small pieces.
You hear a zap.
Some rock shatters into small pieces.
There is a stone staircase leading down here.
Something hits you but does no damage.
You hear some strange, mumbled words.
You are confused.
You bump into the rock wall.
Something hits you but does no damage.
You bump into the rock wall.
Something hits you.
* * * LOW HITPOINT WARNING * * *
You're too confused to move!
Something hits you!
You die...

#........#.##......
##...)......(.......
####....##(##......
###..#.## ..(
#.......# #.#
#.#....># #.#
#....#...#.### #.#
###......#...###.#
..##...###{.@..# #.#
#...# ##.##.### ..
#...# ####...# ###
##### #...#####
##...#...##
##......)..##
#....[......#
######...........# #
###................#


There were no monsters in sight!

Vanquished Creatures
  Jessica (D:2)
  Natasha (D:2)
  An ooze (D:1)
  A worm (D:2)
  3 dart slugs (D:1)
  A ball python (D:2)
  A giant cockroach (D:1)
  9 goblins (D:1)
  6 hobgoblins (D:1)
  3 bats (D:1)
  2 frilled lizards (D:1)
  4 kobolds
  3 rats
36 creatures vanquished.

Notes
Turn   | Place    | Note
-------+----------+-------------------------------------------
     0 | D:1      | Zeld the Draconian Conjurer began the quest for the Orb.
     0 | D:1      | Reached XP level 1. HP: 14/14 MP: 3/3
    13 | D:1      | Noticed an electric eel
   302 | D:1      | Reached XP level 2. HP: 10/22 MP: 0/5
   863 | D:1      | Reached skill level 1 in Fighting
   918 | D:1      | Reached XP level 3. HP: 28/28 MP: 2/6
   921 | D:1      | Learned a level 2 spell: Searing Ray
  1788 | D:2      | Noticed Jessica
  1796 | D:2      | Killed Jessica
  1797 | D:2      | Reached XP level 4. HP: 35/35 MP: 0/8
  1883 | D:2      | Noticed Natasha
  1889 | D:2      | Killed Natasha
  2157 | D:2      | Noticed Sigmund
  2185 | D:2      | Slain by Sigmund

Illustrated notes

Levels and vault maps discovered:
D:1:      arrival_aquarium_a, layout_basic
D:2:      layout_rooms, chequers_temple_overflow_statue_of_worship,
          minmay_randomly_rotated_circles, uniq_natasha, uniq_sigmund,
          uniq_jessica

Skill      XL: |  1  2 |
---------------+-------+-----
Stealth        | 2 |  2.2
Dodging        | 2 |  2.2
Fighting       | 1 |  1.4
Spellcasting   | |  2.8
Conjurations   | |  4.7

Action                   |  1- 3 |  4- 6 || total
-------------------------+-------+-------++-------
Melee: Unarmed           |    41 |       ||    41
       Tailslap          |     5 |       ||     5
       Dagger            |     5 |       ||     5
 Cast: Magic Dart        |    59 |     2 ||    61
       Searing Ray       |     2 |     2 ||     4
Armor: Skin              |    11 |     2 ||    13
Dodge: Dodged            |    28 |     3 ||    31
